 Dungeon Crawl Stone Soup version 0.28-a0-657-g71136c5590 (webtiles) character file.

Game seed: 5591490431697658010

300 freelancePsychic the Magician (level 6, -26/48 HPs)
             Began as a Djinni Cinder Acolyte on Oct 13, 2021.
             Was a High Priest of Ignis.
             Blown up by Pikel (33 damage)
             ... with a mindburst bolt
             ... on level 4 of the Dungeon on Oct 14, 2021.
             The game lasted 00:06:26 (5077 turns).

freelancePsychic the Magician (DjCA)                Turns: 5077, Time: 00:06:27

Health: -26/48     AC:  6    Str: 13    XL:     6   Next: 64%
Gold:   243        EV: 14    Int: 18    God:    Ignis [*****.] SH:  0 Dex: 14

rFire   + + +      SeeInvis .   m - staff of earth
rCold   x . .      Faith    .   (no shield)
rNeg    . . .      Spirit   .   k - +1 leather armour {rF+}
rPois   ∞          Reflect  .   n - +0 helmet
rElec   .          Harm     .   d - +0 cloak
rCorr   .          Rampage  .   (no gloves)
Will    .....                   (boots unavailable)
Stlth   +.........              (no amulet)
HPRegen 0.16/turn               e - +4 ring of evasion
MPRegen 0.00/turn               g - +6 ring of dexterity

@: flying, very slightly contaminated, invisible
A: sickness immunity, fire resistance 2, cold vulnerability 1, float, innate
caster, hp casting, extra vitality 1
a: Renounce Religion, Sea of Fire, Foxfire Swarm, Rising Flame


You were on level 4 of the Dungeon.
You worshipped Ignis.
Ignis was extremely pleased with you.
You visited 1 branch of the dungeon, and saw 5 of its levels.

You collected 243 gold pieces.

Inventory:

Hand Weapons
 a - a +0 short sword of flaming
Missiles
 c - 18 poisoned darts
Armour
 b - a +0 robe
 d - a +0 cloak (worn)
 k - a +1 leather armour of fire resistance (worn)
 n - a +0 helmet (worn)
Magical Staves
 m - a staff of earth (weapon)
Jewellery
 e - a +4 ring of evasion (left hand)
 g - a +6 ring of dexterity (right hand)
Scrolls
 f - 2 scrolls of teleportation {@r4}
 i - a scroll of magic mapping
 o - 3 scrolls of identify {@r1}
Potions
 l - a potion of attraction {unknown}


   Skills:
 + Level 4.6 Fighting
 - Level 2.6 Short Blades
 * Level 4.6 Spellcasting


You had 9 spell levels left.
You knew the following spells:

 Your Spells              Type           Power      Damage    Failure   Level
a - Scorch                Fire           40%        2d7       4%          2
b - Magic Dart            Conj           80%        1d7       2%          1
c - Passwall              Tmut/Erth      25%        N/A       4%          2
Your spell library was empty.

Dungeon Overview and Level Annotations

Branches:
Dungeon (5/15)
 Temple: D:4-7

Altars:

Shops:
D:4 :

Annotations:
D:3 exclusion: downstairs
D:4 Pikel


Innate Abilities, Weirdness & Mutations

You are immune to sickness and miasma.
You are immune to poison.
Your flesh is very heat resistant. (rF++)
You are vulnerable to cold. (rC-)
You float through the air rather than walking.
You learn spells naturally, not from books.
Your magical power is your life essence.
You have superior vitality. (+4 HP)


Message History

Flames lash Pikel.
Pikel is lightly wounded.
Pikel's fire resistance burns away.
Pikel drinks a potion.
Pikel goes berserk!
Casting: Scorch (safe; 4% risk of failure)
Confirm with . or Enter, or press ? or * to list all spells.
Flames lash Pikel.
Pikel is burned terribly!
Pikel is moderately wounded.
Casting: Scorch (safe; 4% risk of failure)
Confirm with . or Enter, or press ? or * to list all spells.
Flames lash Pikel.
Pikel is burned terribly!
Pikel is heavily wounded.
You hear a shout!
Pikel hits you with a +1 whip of flaming!
Pikel burns you.
Casting: Scorch (safe; 4% risk of failure)
Confirm with . or Enter, or press ? or * to list all spells.
Flames lash Pikel.
Pikel is burned terribly!
Pikel is severely wounded.
Pikel hits you with a +1 whip of flaming!
Pikel burns you.
* * * LOW HITPOINT WARNING * * *
It was a potion of flight.
You feel more buoyant.
Pikel hits you with a +1 whip of flaming!
* * * LOW HITPOINT WARNING * * *
Pikel closely misses you.
Pikel is no longer more vulnerable to fire.
You see here a +0 club.
You see here a +2 spear of flaming.
Found 29 bolts.
Pikel rages.
Pikel barely misses you.
Pikel is no longer berserk.
Pikel zaps a wand.
You struggle to resist.
Found Kionevya's Book Emporium.
Pikel zaps a wand.
Your mind is blasted!
Ouch! That really hurt!
You die...

#♣. .∩ .... ####
#.###### ..# ...#
#......# ..#
.♣.####.#...#..###..#
...'.##.#..###....#.#
.K.'.##.#...#...@...#
.♣.#.##........###..#
...#.......K..## #.)#
#######...(...# #)<#
## #..!....# #.)# ..#
#...5...#####)# #.#
#............)# #.#
##.##.#######.######.
#.# #.##[# #.......$


You could see Pikel (slow) and a lemure.

Vanquished Creatures
  A centaur (D:4)
  A lemure (D:4)
  Blork the orc (D:4)
  Robin (D:3)
  4 gnolls
  2 adders (D:3)
  An adder skeleton (D:4)
  4 worms
  4 orcs (D:3)
  3 endoplasms
  2 giant cockroaches (D:3)
  10 goblins
  4 hobgoblins
  3 jackals (D:1)
  3 kobolds
  5 quokkas
  8 ball pythons
  9 bats
  4 frilled lizards
  8 rats
78 creatures vanquished.

Notes
Turn   | Place    | Note
-------+----------+-------------------------------------------
     0 | D:1      | freelancePsychic the Djinni Cinder Acolyte began the quest
                  | for the Orb.
     0 | D:1      | Reached XP level 1. HP: 20/20 MP: 0/0
   563 | D:1      | Reached XP level 2. HP: 22/25 MP: 0/0
  1347 | D:1      | Reached XP level 3. HP: 21/30 MP: 0/0
  1347 | D:1      | Learned a level 1 spell: Magic Dart
  1554 | D:1      | Found a faded altar of an unknown god.
  2240 | D:2      | Reached XP level 4. HP: 33/35 MP: 0/0
  3422 | D:3      | Reached XP level 5. HP: 29/41 MP: 0/0
  3422 | D:3      | Learned a level 2 spell: Passwall
  3867 | D:4      | Noticed a centaur
  4036 | D:4      | Noticed Robin
  4047 | D:3      | Killed Robin
  4222 | D:4      | Noticed a lemure
  4224 | D:4      | Noticed a lemure
  4236 | D:4      | Killed a lemure
  4244 | D:4      | Noticed Pikel
  4520 | D:4      | Killed a centaur
  4521 | D:4      | Reached XP level 6. HP: 13/48 MP: 0/0
  4793 | D:5      | Entered Level 5 of the Dungeon
  4793 | D:5      | Noticed a centaur warrior zombie
  4958 | D:4      | Noticed Blork the orc
  4965 | D:4      | Killed Blork the orc
  5077 | D:4      | Found Kionevya's Book Emporium.
  5077 | D:4      | Blown up by Pikel

Illustrated notes

Levels and vault maps discovered:
D:1:      dpeg_arrival_long_road, layout_loops_ring,
          hellmonk_ecumenical_altar_leap_of_faith, serial_park_tiny_pond,
          minmay_shallow_snake_nest
D:2:      layout_basic, ebering_dispersal_statue_hall, minmay_statues_item
D:3:      layout_basic
D:4:      layout_loops_ring, serial_shops, nicolae_shop_trees,
          kennysheep_generic_room_15, uniq_blork_the_orc, uniq_pikel, uniq_robin
D:5:      kennysheep_slugbush, layout_cave_pools

Skill      XL: |  1  2  3  4  5 |
---------------+----------------+-----
Spellcasting   | 3 4 |  4.6
Fighting       | 4 |  4.6
Short Blades   | |  2.6

Action                   |  1- 3 |  4- 6 || total
-------------------------+-------+-------++-------
Melee: Short sword       |    32 |       ||    32
       Staff             |       |     2 ||     2
Throw: Dart              |    15 |       ||    15
 Cast: Scorch            |    30 |    73 ||   103
       Magic Dart        |       |     8 ||     8
  Use: Scroll            |     1 |     3 ||     4
       Potion            |       |     2 ||     2
Armor: Robe              |    13 |       ||    13
       Leather armour    |       |    14 ||    14
Dodge: Dodged            |    29 |    39 ||    68

Table legend: (Time is in decaauts)
 A = Elapsed time spent in this place.
 B = Non-inter-level travel time spent in this place.
 C = Inter-level travel time spent in this place.
 D = Time resting spent in this place.
 E = Time spent auto-exploring this place.
 F = Levels seen in this place.
 G = Mean time per level.
                   A        B        C        D        E       F      G
               +--------+--------+--------+--------+--------+-----+--------+
         Total |   5077 |   4902 |    175 |    935 |   3445 |   5 | 1015.4 |
       Dungeon |   5077 |   4902 |    175 |    935 |   3445 |   5 | 1015.4 |
               +--------+--------+--------+--------+--------+-----+--------+

Top non-repeatable levels by time:
     D:1: 1746 daAuts
     D:3: 1729 daAuts
     D:2: 859 daAuts
     D:4: 736 daAuts
     D:5: 5 daAuts
